 Dungeon Crawl Stone Soup version 0.16-a0-3641-g71d4c1b (webtiles) character file.

19133 mdk the Slicer (level 13, -9/82 HPs)
             Began as a Kobold Assassin on Apr 5, 2015.
             Was a Priest of Pakellas.
             Mangled by an ice devil (30 damage)
             ... in an ice cave.
             The game lasted 00:43:29 (16438 turns).

mdk the Slicer (Kobold Assassin)                   Turns: 16438, Time: 00:43:29

Health: -9/82      AC: 14    Str: 16    XL:     13   Next: 2%
Magic:  33/34      EV: 26    Int: 13    God:    Pakellas [***...]
Gold:   567        SH:  9    Dex: 25    Spells: 0 memorised, 12 levels left

rFire  . . .     SeeInvis +     a - +1 short sword (speed)
rCold  . . .     Clarity  .     x - +2 leather armour "Scharen" {rPois++ Int+4 Dex+4 SInv}
rNeg   . . .     SustAb   .     w - +0 buckler (curse)
rPois  +         Gourm    .     u - +1 helmet
rElec  .         Spirit   .     G - +2 cloak {MR+}
rCorr  .         Warding  .     D - +0 pair of gloves of the Orcish Mines {+Rage MP+9}
rMut   .         Stasis   .     h - +2 pair of boots
MR     +....                    (no amulet)
Stlth  +++++.....               (no ring)
                                I - ring of flight

@: mighty, exhausted, very slightly contaminated, hasted, very quick, somewhat
resistant to hostile enchantments, quite stealthy
A: carnivore 3
a: Minor Device Surge, Quick Charge, Device Surge, Renounce Religion, Evoke
Berserk Rage, Evoke Flight


You were in an ice cave.
You worshipped Pakellas.
Pakellas was most pleased with you.
You were not hungry.

You visited 3 branches of the dungeon, and saw 14 of its levels.
You also visited: Ice Cave.

You collected 666 gold pieces.
You spent 99 gold pieces at shops.

Inventory:

Hand weapons
 a - a +1 short sword of speed (weapon)
 b - a +0 blowgun
 c - a +2 dagger of venom
 J - a +1 rapier of draining
 L - a +1 short sword of freezing
Missiles
 e - 27 poisoned needles
 k - 3 throwing nets (quivered)
 s - 3 tomahawks of dispersal
Armour
 h - a +2 pair of boots (worn)
 u - a +1 helmet (worn)
 w - a cursed +0 buckler (worn)
 x - the +2 leather armour "Scharen" (worn) {rPois++ Int+4 Dex+4 SInv}
   (You found it on level 6 of the Dungeon)

   It affects your intelligence (+4).
   It affects your dexterity (+4).
   It protects you from poison.
   It enhances your eyesight.
 D - the +0 pair of gloves of the Orcish Mines (worn) {+Rage MP+9}
   (You acquired it on level 7 of the Dungeon)

   It affects your magic capacity (+9).
   It lets you go berserk.
 G - a +2 cloak of magic resistance (worn)
Jewellery
 I - a ring of flight (left hand)
Magical devices
 j - a wand of slowing (15)
 m - a wand of flame (20)
 v - a wand of frost (13)
 y - a wand of disintegration (1)
 E - a wand of digging (16)
 F - a wand of frost (19)
 N - a wand of polymorph (12)
 O - a wand of frost (21)
 P - a wand of magic darts (10)
Scrolls
 f - a scroll of recharging
 o - 7 scrolls of remove curse
 p - 5 scrolls of teleportation
 H - 3 scrolls of identify
 M - 2 scrolls of fog
Potions
 d - 2 potions of brilliance
 i - a potion of lignification
 n - 6 potions of curing
 q - a potion of cancellation
 t - a potion of haste
 z - a potion of resistance
 A - 2 potions of heal wounds
 B - a potion of might
 C - a potion of magic
Comestibles
 g - 11 meat rations
 l - 4 beef jerkies
 r - 3 royal jellies
 K - 6 slices of pizza


   Skills:
 - Level 10.0 Fighting
 - Level 12.0 Short Blades
 - Level 2.6 Throwing
 * Level 10.1 Dodging
 + Level 9.8 Stealth
 - Level 9.1 Shields
 + Level 8.5 Evocations


You had 12 spell levels left.
You didn't know any spells.

Dungeon Overview and Level Annotations

Branches:
Dungeon (10/15)            Temple (1/1) D:4            Lair (3/8) D:10
  Swamp: Lair:3-6    Shoals: Lair:3-6     Snake: Lair:3-6    Spider: Lair:3-6
    Orc: D:9-12

Altars:
Dithmenos
Elyvilon
Gozag
Kikubaaqudgha
Makhleb
Nemelex Xobeh
Pakellas
Trog
Vehumet
Yredelemnul
Zin
The Shining One

Shops:
D:7 *   D:8 }

Annotations:
D:3 WateryHell's ghost, average DrBe
Lair:3 Rupert


Innate Abilities, Weirdness & Mutations

You are small and have problems with some larger weapons.
You are carnivorous and can eat meat at any time.


Message History

The ice devil is severely wounded.
You barely miss the ice devil.
The ice devil is severely wounded.
You closely miss the ice devil.
The ice devil is severely wounded.
The ice devil misses you.
You hit the ice devil but do no damage.
The ice devil is severely wounded.
You hit the ice devil but do no damage.
The ice devil is severely wounded.
You hit the ice devil but do no damage.
The ice devil is severely wounded.
You hit the ice devil but do no damage.
The ice devil is severely wounded.
You hit the ice devil but do no damage.
The ice devil is severely wounded.
The ice devil hits you!
* * * LOW HITPOINT WARNING * * *
The ice devil freezes you!!
You die...

#### ## '.# .
#########3# ####
#.#.#.#.#@## #..
###'#'#'#'#..###### #.
.'.......#.......#
########.8.8.8.#.#####.#
..#............#.#
..'............'.#
..#............#.#
########.8.8.8.#.# #..'
#.'.......#..


You could see an ice devil.

Vanquished Creatures
  Harold (D:10)
  A hydra (D:10)
  The ghost of jessie the Cleaver, a powerful FoFi of Pakellas (IceCv)
  3 ice statues (IceCv)
  The ghost of Sharkman1231 the Grappler, an experienced TrMo of Pakellas (D:6)
  Pikel (D:3)
  A necromancer (IceCv)
  A hill giant (D:10)
  3 elephants (Lair:2)
  Joseph (D:9)
  2 spiny frogs (Lair:2)
  A black mamba (Lair:1)
  A fire drake (Lair:2)
  3 blue devils (IceCv)
  2 komodo dragons
  A polar bear (Lair:2)
  4 blink frogs (Lair:1)
  A wraith (D:10)
  A spriggan (Lair:2)
  5 yaks
  A deep elf fighter (D:10)
  3 hippogriffs
  14 wolves
  4 water moccasins
  5 porcupines
  A sky beast (D:6)
  An orc warrior (D:7)
  A black bear (Lair:2)
  4 ice beasts (IceCv)
  A slave (D:3)
  6 ogres
  2 eyes of draining (D:6)
  2 centaurs
  A phantom (D:8)
  Sigmund (D:2)
  A gnoll sergeant (D:9)
  4 big kobolds
  A brain worm (D:7)
  5 crocodiles
  Blork the orc (D:4)
  8 giant frogs
  A scorpion (D:9)
  12 killer bees
  3 crimson imps (D:5)
  7 wights (D:10)
  2 goliath beetles (D:6)
  A centaur zombie (D:5)
  An orc priest (D:9)
  3 hounds
  A centaur skeleton (D:6)
  A giant frog skeleton (D:5)
  A jelly (D:5)
  An orc wizard (D:9)
  A spriggan simulacrum (IceCv)
  9 worker ants
  7 iguanas
  13 sheep
  2 centaur simulacra (IceCv)
  A hound skeleton (D:7)
  A mummy (D:10)
  Robin (D:4)
  13 river rats
  11 gnolls
  3 shadow imps
  14 adders
  5 naga simulacra (IceCv)
  A worm (D:2)
  2 adder skeletons (D:9)
  18 orcs
  A ball python (D:1)
  A bat skeleton (D:7)
  A bat zombie (D:5)
  7 giant cockroaches
  29 goblins
  15 hobgoblins
  3 jackals (D:7)
  19 kobolds
  An ooze (D:6)
  8 quokkas
  20 bats
  5 giant geckos
  2 giant newts
  2 quokka zombies
  26 rats
  A rat zombie (D:3)
  A fungus (Lair:1)
380 creatures vanquished.

Vanquished Creatures (others)
  A ball python (D:4)
  A bat (D:4)
2 creatures vanquished.

Grand Total: 382 creatures vanquished

Notes
Turn   | Place    | Note
--------------------------------------------------------------
     0 | D:1      | mdk, the Kobold Assassin, began the quest for the Orb.
     0 | D:1      | Reached XP level 1. HP: 12/12 MP: 1/1
   191 | D:1      | Reached XP level 2. HP: 18/18 MP: 2/2
   595 | D:1      | Reached XP level 3. HP: 23/23 MP: 3/3
   999 | D:2      | Noticed Sigmund
  1010 | D:2      | Killed Sigmund
  1010 | D:2      | Reached XP level 4. HP: 27/29 MP: 4/4
  1010 | D:2      | Reached XP level 5. HP: 30/33 MP: 5/5
  1107 | D:2      | Reached skill level 5 in Short Blades
  2154 | D:3      | Reached XP level 6. HP: 24/40 MP: 6/6
  2355 | D:3      | Found an ancient bone altar of Kikubaaqudgha.
  2735 | D:3      | Reached skill level 5 in Fighting
  2764 | D:3      | Noticed WateryHell's ghost (average DrBe)
  2784 | D:4      | Noticed Pikel
  2784 | D:4      | Noticed a slave
  2784 | D:4      | Noticed a slave
  2784 | D:4      | Noticed a slave
  2798 | D:4      | Found a basalt altar of Yredelemnul.
  2826 | D:3      | Killed a slave
  3571 | D:4      | Noticed a slave
  3611 | D:3      | Killed Pikel
  3611 | D:3      | Reached skill level 6 in Fighting
  3611 | D:3      | Reached skill level 7 in Short Blades
  3611 | D:3      | Reached XP level 7. HP: 27/47 MP: 7/7
  3742 | D:4      | Found a staircase to the Ecumenical Temple.
  3742 | D:4      | Noticed Robin
  3783 | D:4      | Killed Robin
  3783 | D:4      | Reached XP level 8. HP: 35/52 MP: 8/8
  3824 | Temple   | Entered the Ecumenical Temple
  3840 | Temple   | Became a worshipper of Pakellas the Inventive
  4041 | D:4      | Noticed Blork the orc
  4069 | D:4      | Killed Blork the orc
  4069 | D:4      | Reached skill level 8 in Short Blades
  4553 | D:5      | Entered Level 5 of the Dungeon
  4880 | D:5      | Reached skill level 9 in Short Blades
  5116 | D:5      | Found a bloodstained altar of Trog.
  5152 | D:5      | Acquired Pakellas' first power
  6146 | D:6      | Reached XP level 9. HP: 48/60 MP: 9/9
  6285 | D:6      | Noticed Sharkman1231's ghost (experienced TrMo)
  6340 | D:6      | Killed Sharkman1231's ghost
  6340 | D:6      | Reached skill level 10 in Short Blades
  6682 | D:6      | Reached skill level 1 in Evocations
  6793 | D:6      | Got a faintly glowing leather armour
  6804 | D:6      | Identified the +2 leather armour "Scharen" {rPois++ Int+4 Dex+4 SInv} (You found it on level 6 of the Dungeon)
  6815 | D:6      | Found a bloodstained altar of Trog.
  7373 | D:7      | Reached skill level 1 in Shields
  7766 | D:7      | Acquired Pakellas' second power
  7775 | D:7      | Reached XP level 10. HP: 49/66 MP: 14/14
  7896 | D:7      | Found Klaedamp's Assorted Antiques.
  7914 | D:7      | Bought a scroll labeled RARPHU ZO GUA for 33 gold pieces
  7914 | D:7      | Bought a scroll labeled XYOMITS SOHENOA for 33 gold pieces
  7914 | D:7      | Bought a scroll labeled XARILANAINI for 33 gold pieces
  7921 | D:7      | Got a pair of translucent gloves
  7927 | D:7      | Identified the +0 pair of gloves of the Orcish Mines {+Rage MP+9} (You acquired it on level 7 of the Dungeon)
  8987 | D:8      | Found Muif's Gadget Shoppe.
  9872 | D:9      | Noticed Joseph
  9875 | D:9      | Reached skill level 5 in Shields
  9920 | D:9      | Killed Joseph
 10335 | D:9      | Acquired Pakellas' third power
 10950 | D:10     | Entered Level 10 of the Dungeon
 11282 | D:10     | Noticed Harold
 11340 | D:10     | Killed Harold
 11670 | D:10     | Found a staircase to the Lair.
 11688 | D:10     | Reached XP level 11. HP: 71/71 MP: 16/16
 11906 | D:10     | Noticed a hill giant
 11930 | D:10     | Killed a hill giant
 12333 | D:10     | Noticed a three-headed hydra
 12349 | D:10     | Killed a three-headed hydra
 12349 | D:10     | Reached skill level 11 in Short Blades
 12632 | Lair:1   | Entered Level 1 of the Lair of Beasts
 12814 | Lair:1   | Reached skill level 10 in Fighting
 13166 | Lair:1   | Reached skill level 5 in Dodging
 13218 | Lair:1   | Reached skill level 12 in Short Blades
 13573 | Lair:1   | Reached skill level 5 in Evocations
 13698 | Lair:2   | Reached XP level 12. HP: 70/77 MP: 20/20
 15359 | Lair:3   | Noticed Rupert
 15463 | Lair:3   | Found a frozen archway.
 15565 | IceCv    | Entered an ice cave
 15571 | IceCv    | Noticed jessie's ghost (powerful FoFi)
 15632 | IceCv    | Killed jessie's ghost
 16396 | IceCv    | Reached skill level 10 in Dodging
 16396 | IceCv    | Reached XP level 13. HP: 30/82 MP: 25/25
 16421 | IceCv    | HP: 2/82 [ice devil (27)]
 16438 | IceCv    | Mangled by an ice devil

Action                   |  1- 3 |  4- 6 |  7- 9 | 10-12 | 13-15 || total
-------------------------+-------+-------+-------+-------+-------++-------
Melee: Dagger            |    83 |   198 |   380 |  1024 |       ||  1685
       Short sword       |       |       |       |   624 |    35 ||   659
 Fire: Blowgun           |     4 |    26 |   108 |    62 |       ||   200
Throw: Tomahawk          |       |       |     1 |       |       ||     1
       Throwing net      |       |       |       |     3 |       ||     3
Invok: Device Surge      |       |       |       |     4 |       ||     4
 Abil: Evoke Berserk Rag |       |       |       |    16 |       ||    16
       Evoke Flight      |       |       |       |     1 |       ||     1
Evoke: Wand              |       |       |     1 |    47 |       ||    48
  Use: Scroll            |       |       |    12 |    20 |       ||    32
       Potion            |       |       |     1 |     2 |     2 ||     5
 Stab: Sleeping          |     7 |     9 |    28 |    18 |       ||    62
       Distracted        |       |       |     2 |     5 |       ||     7
       Invisible         |       |       |     3 |       |       ||     3
  Eat: Chunk             |     7 |     8 |    12 |    42 |       ||    69
